 Dungeon Crawl Stone Soup version 0.29.0-5-ge4962eb29e (webtiles) character file.

Game seed: 9470927903930094257

20 gelatine the Vexing (level 2, -1/21 HPs)
             Began as a Demonspawn Arcane Marksman on Aug 28, 2022.
             Slain by a gnoll
             ... wielding a +0 club
              (3 damage)
             ... on level 2 of the Dungeon.
             The game lasted 00:03:23 (1300 turns).

gelatine the Vexing (Demonspawn Arcane Marksman)    Turns: 1300, Time: 00:03:24

Health: -1/21      AC:  3    Str: 10    XL:     2   Next: 58%
Magic:  2/3        EV: 12    Int: 14    God:
Gold:   40         SH:  0    Dex: 13    Spells: 2/3 levels left

rFire   . . .      SeeInvis .   a - +1 sling
rCold   . . .      Faith    .   (no shield)
rNeg    . . .      Spirit   .   c - +0 robe
rPois   .          Reflect  .   (no helmet)
rElec   .          Harm     .   (no cloak)
rCorr   .          Rampage  .   (no gloves)
Will    .....                   l - +0 pair of boots
Stlth   +.........              (no amulet)
HPRegen 0.07/turn               (no ring)
MPRegen 0.08/turn               (no ring)

@: no status effects
A: demonic touch 1
a: no special abilities


You were on level 2 of the Dungeon.
You visited 1 branch of the dungeon, and saw 3 of its levels.

You collected 40 gold pieces.

Inventory:

Hand Weapons
 a - a +1 sling (weapon)
 h - a +0 dagger
Missiles
 j - 2 atropa-tipped darts
Armour
 c - a +0 robe (worn)
 l - a +0 pair of boots (worn)
 n - a +0 leather armour
Scrolls
 b - a scroll of poison
 d - a scroll of vulnerability {unknown}
 f - 2 scrolls of amnesia {unknown}
 g - 2 scrolls of noise {unknown}
 i - 2 scrolls of identify {unknown}
 k - a scroll of immolation {unknown}
 o - a scroll of blinking {unknown}
 p - a scroll of acquirement {unknown}
Potions
 e - a potion of magic {unknown}
 m - a potion of lignification {unknown}


   Skills:
 + Level 1.0 Fighting
 + Level 2.2 Ranged Weapons
 + Level 1.9 Dodging
 + Level 1.1 Spellcasting
 + Level 3.4 Hexes


You had 2 spell levels left.
You knew the following spells:

 Your Spells              Type           Power      Damage    Failure   Level
a - Slow                  Hex            40%        N/A       6%          1

Your spell library contained the following spells:

 Spells                   Type           Power      Damage    Failure   Level
 Inner Flame              Hex/Fire       5%         N/A       36%         3
 Portal Projectile        Hex/Tloc       10%        N/A       36%         3
 Cause Fear               Hex            5%         N/A       54%         4


Dungeon Overview and Level Annotations

Branches:
Dungeon (3/15)

Altars:


Innate Abilities, Weirdness & Mutations

Your touch may inflict minor irresistible damage on your foes.


Message History

Aiming: Slow (safe; 6% risk of failure)
Press: ? - help, Shift-Dir - straight line, f/p - gnoll
Aim: a gnoll, wielding a +0 club (almost dead, chance to affect: 57%)
The gnoll seems to slow down.
Casting: Slow (safe; 6% risk of failure)
Confirm with . or Enter, or press ? or * to list all spells.
Aiming: Slow (safe; 6% risk of failure)
Press: ? - help, Shift-Dir - straight line, f - gnoll
Aim: a gnoll, wielding a +0 spear (chance to affect: 57%)
The gnoll seems to slow down.
Unknown command.
Casting: Slow (safe; 6% risk of failure)
Confirm with . or Enter, or press ? or * to list all spells.
Aiming: Slow (safe; 6% risk of failure)
Press: ? - help, Shift-Dir - straight line, f - gnoll
Aim: a gnoll, wielding a +0 spear (chance to affect: 57%)
The gnoll resists with significant effort.
You shoot a sling bullet. The sling bullet hits the gnoll.
The gnoll is lightly wounded.
You shoot a sling bullet.
The sling bullet barely misses the gnoll.
You shoot a sling bullet.
The sling bullet completely misses the gnoll.
The sling bullet barely misses the gnoll.
You shoot a sling bullet.
The sling bullet barely misses the gnoll.
A gnoll comes into view. It is wielding a +0 club.
The gnoll hits you from afar with a +0 spear.
There is a stone staircase leading up here.
You shoot a sling bullet.
The sling bullet closely misses the gnoll.
You hear a shout!
The gnoll hits you from afar with a +0 spear.
You are too injured to fight recklessly!
The gnoll hits you from afar with a +0 spear.
* * * LOW HITPOINT WARNING * * *
You climb upwards.
The gnoll hits you with a +0 club.
* * * LOW HITPOINT WARNING * * *
The gnoll hits you with a +0 club.
You die...

.....#.# ##### # #..# #.#
!....# #...#.#########..# #.#
#..####...#............# #.#
#.g†...................####.#
##g.###...#####.........(...#
##.###...# #..#.###########
#..g.g..# ##.##.#
#######g###..##.# #...@g###.#
####.## #.# #.# #.# #.# #.#
#.# #.# #.. ###


You could see 2 gnolls.

Vanquished Creatures
  A dart slug (D:1)
  4 bats
  An endoplasm (D:1)
  A giant cockroach (D:1)
  3 hobgoblins
  A ball python (D:2)
  3 goblins
  3 rats
17 creatures vanquished.

Notes
Turn   | Place    | Note
-------+----------+-------------------------------------------
     0 | D:1      | gelatine the Demonspawn Arcane Marksman began the quest for
                  | the Orb.
     0 | D:1      | Reached XP level 1. HP: 15/15 MP: 2/2
   491 | D:1      | Gained mutation: Your touch may inflict minor irresistible
                  | damage on your foes. [demonic ancestry]
   491 | D:1      | Reached XP level 2. HP: 21/21 MP: 3/3
   693 | D:1      | Found a faded altar of an unknown god.
  1263 | D:3      | Noticed a scorpion
  1300 | D:2      | Slain by a gnoll

Illustrated notes

Levels and vault maps discovered:
D:1:      matt_arrival_diagonals, layout_basic,
          shapermc_ecumenical_altar_flowoftime
D:2:      layout_basic, basic_altar
D:3:      layout_loops_cross, nicolae_ru_great_annihilating_truth,
          grunt_gozag_breadcrumbs, kennysheep_crisscross, chequers_garden

Skill      XL: |  1  2 |
---------------+-------+-----
Ranged Weapons | 2 |  2.2
Fighting       | |  1.0
Dodging        | |  1.9
Spellcasting   | |  1.1
Hexes          | |  3.4

Action                   || total
-------------------------++-------
 Fire: Sling             ||    69
 Cast: Slow              ||    20
Armor: Robe              ||     4
Dodge: Dodged            ||    11
